 Dungeon Crawl Stone Soup version 0.19.4-10-g532645f (webtiles) character file.

515 Kosschaser the Bolt Thrower (level 7, -5/41 HPs)
             Began as a Kobold Hunter on Feb 23, 2017.
             Slain by a slave (7 damage)
             ... led by Pikel
             ... on level 3 of the Dungeon.
             The game lasted 00:24:52 (7334 turns).

Kosschaser the Bolt Thrower (Kobold Hunter)         Turns: 7334, Time: 00:24:53

Health: -5/41      AC:  6    Str:  9    XL:     7   Next: 44%
Magic:  7/7        EV: 14    Int: 12    God:
Gold:   403        SH:  0    Dex: 18    Spells: 0 memorised, 6 levels left

rFire  . . .     SeeInvis .     b - +0 short sword
rCold  + + .     Gourm    .     t - +0 leather armour (curse)
rNeg   . . .     Faith    .     (shield restricted)
rPois  .         Spirit   .     l - +0 helmet
rElec  .         Reflect  .     v - +1 cloak "Alybaosk" {+Fly rC+}
rCorr  .         Harm     .     (no gloves)
MR     .....                    (no boots)
Stlth  ++........               (no amulet)
                                (no ring)
                                k - ring of protection from cold

@: heavily drained
A: carnivore 3
a: Evoke Flight


You were on level 3 of the Dungeon.
You were near starving.

You visited 1 branch of the dungeon, and saw 6 of its levels.
You also visited: Ossuary.

You collected 403 gold pieces.

Inventory:

Hand Weapons
 a - a +1 hand crossbow
 b - a +0 short sword (weapon)
Armour
 l - a +0 helmet (worn)
 t - a cursed +0 leather armour (worn)
 v - the +1 cloak "Alybaosk" (worn) {+Fly rC+}
   (You found it on level 5 of the Dungeon)

   It protects you from cold.
   It lets you fly.
Jewellery
 k - a ring of protection from cold (left hand)
Scrolls
 i - a scroll of fog
 m - 3 scrolls of enchant weapon
 n - a scroll of enchant armour {unknown}
 r - a scroll of teleportation
 s - 2 scrolls of remove curse
 u - a scroll of recharging {unknown}
Potions
 c - a potion of flight {unknown}
 e - 2 potions of mutation {unknown}
 g - a potion of invisibility {unknown}
 h - a potion of brilliance
 j - a potion of agility {unknown}
 o - a potion of magic
 p - a potion of curing
 w - a potion of might {unknown}
Comestibles
 f - 4 meat rations
 q - a slice of pizza


   Skills:
 + Level 3.5(1.8) Fighting
 + Level 4.6(2.7) Short Blades
 + Level 7.0(5.1) Crossbows
 + Level 1.8(0.1) Armour
 + Level 3.6(1.8) Dodging
 + Level 2.6(0.9) Stealth


You had 6 spell levels left.
You didn't know any spells.

Dungeon Overview and Level Annotations

Branches:
Dungeon (6/15)
 Temple: D:4-7

Altars:
Fedhas
Hepliaklqana

Shops:
D:4 [

Annotations:
D:4 Pikel; zidoval's ghost, novice SpAs


Innate Abilities, Weirdness & Mutations

You are small and have problems with some larger weapons.
You are carnivorous and can eat meat at any time.


Message History

The slave is severely wounded.
The slave misses you.
You hit the slave but do no damage.
The slave is severely wounded.
The slave closely misses you.
You hit the slave.
The slave is almost dead.
The slave completely misses you.
You closely miss the slave.
The slave is almost dead.
The slave hits you.
* * * LOW HITPOINT WARNING * * *
You hit the slave.
The slave is almost dead.
The slave hits you!
* * * LOW HITPOINT WARNING * * *
You barely miss the slave.
The slave is almost dead.
The slave hits you!
You die...

## .# .####
###########
....#
##.....p@..#
.##.#
##..#######.#
.##.####...##
#.#
......#.....#
#.#
..###.##)..##
#.# #.#
#>....#.# #.#
###
#.###.###..##
#.# #..
#.##..# #.##
#.# #.#
...######'##
#.# ##.#


You could see a slave.

Vanquished Creatures
  A wight (D:5)
  A centaur zombie (Ossuary)
  2 hounds
  Natasha (D:2)
  An iguana (D:3)
  2 worker ants
  4 big kobold zombies (Ossuary)
  3 mummies
  10 adders
  An adder zombie (D:6)
  A worm (D:2)
  5 leopard geckos
  2 orcs (D:6)
  5 giant cockroaches
  4 gnoll zombies (Ossuary)
  2 goblins
  8 hobgoblins
  6 jackals
  2 quokkas
  8 bats
  5 frilled lizards
  3 goblin zombies (Ossuary)
  9 kobolds
  2 orc zombies (Ossuary)
  7 rats
95 creatures vanquished.

Notes
Turn   | Place    | Note
-------+----------+-------------------------------------------
     0 | D:1      | Kosschaser the Kobold Hunter began the quest for the Orb.
     0 | D:1      | Reached XP level 1. HP: 12/12 MP: 1/1
    87 | D:1      | Reached skill level 5 in Crossbows
   177 | D:1      | Reached XP level 2. HP: 17/17 MP: 2/2
   669 | D:2      | Reached XP level 3. HP: 8/22 MP: 3/3
  1002 | D:2      | Noticed Natasha
  1017 | D:2      | Killed Natasha
  1017 | D:2      | Reached skill level 1 in Short Blades
  1017 | D:2      | Reached skill level 6 in Crossbows
  1017 | D:2      | Reached XP level 4. HP: 14/27 MP: 4/4
  1809 | D:3      | Reached XP level 5. HP: 32/32 MP: 5/5
  1956 | D:3      | Found a hazy altar of Hepliaklqana.
  2284 | D:3      | Noticed a phantom
  3347 | D:4      | Reached XP level 6. HP: 14/37 MP: 6/6
  3572 | D:4      | Noticed zidoval's ghost (novice SpAs)
  3610 | D:4      | Noticed a slave
  3610 | D:4      | Noticed a slave
  3611 | D:4      | Noticed Pikel
  3612 | D:4      | Noticed a slave
  3616 | D:4      | Noticed a slave
  3621 | D:4      | Noticed a phantom
  3630 | D:5      | Entered Level 5 of the Dungeon
  3650 | D:5      | Reached skill level 1 in Armour
  3669 | D:5      | Got an ancient cloak
  3675 | D:5      | Identified the +1 cloak "Alybaosk" {+Fly rC+} (You found it on level 5 of the Dungeon)
  3681 | D:5      | Noticed a sky beast
  3690 | D:5      | You fall through a shaft!
  3959 | D:6      | Noticed a vampire
  3963 | D:6      | Found a blossoming altar of Fedhas.
  4095 | D:6      | Found a sand-covered staircase.
  4118 | Ossuary  | Entered an ossuary
  4615 | Ossuary  | Reached XP level 7. HP: 28/41 MP: 7/7
  5346 | D:5      | HP: 1/41 [wight/hand axe (3)]
  6770 | D:3      | Reached skill level 7 in Crossbows
  7032 | D:4      | Found Toppolei's Armour Boutique.
  7333 | D:3      | HP: 2/41 [slave[Pikel] (8)]
  7334 | D:3      | Slain by a slave

Skill      XL: |  1  2  3  4  5  6  7 |
---------------+----------------------+-----
Crossbows      | 5 6 7 |  7.0
Short Blades   | 1 2 3 4 |  4.6
Stealth        | 2 |  2.6
Fighting       | 3 |  3.5
Armour         | 1 |  1.8
Dodging        | 3 |  3.6

Action                   |  1- 3 |  4- 6 |  7- 9 || total
-------------------------+-------+-------+-------++-------
Melee: Short sword       |    34 |   235 |   213 ||   482
 Fire: Hand crossbow     |    29 |    86 |     6 ||   121
  Use: Scroll            |       |     9 |       ||     9
       Potion            |       |     1 |       ||     1
 Stab: Sleeping          |       |     5 |     1 ||     6
  Eat: Chunk             |     2 |    15 |     2 ||    19
Armor: Leather armour    |    11 |    62 |    45 ||   118
Dodge: Dodged            |    43 |   233 |   152 ||   428
